 Dungeon Crawl Stone Soup version 0.27-a0-394-g49c82dfaf2 (webtiles) character file.

Game seed: 1477850592024704953

3356 sahdkjhfkaj the Gouger (level 9, 43/43 HPs)
             Began as a Felid Berserker on Feb 20, 2021.
             Was an Elder of Trog.
             Quit the game on level 1 of the Lair of Beasts.
             The game lasted 00:15:52 (9535 turns).

sahdkjhfkaj the Gouger (Felid Berserker)            Turns: 9535, Time: 00:15:53

Health: 43/43      AC:  2    Str: 13    XL:     9   Next: 73%
Magic:  10/10      EV: 26    Int: 14    God:    Trog [****..]
Gold:   570        SH:  0    Dex: 20    Spells: 8/8 levels left
                                        Lives:  1   Deaths: 1

rFire    . . .     SeeInvis +     - Unarmed
rCold    . . .     Faith    .   (shield unavailable)
rNeg     . . .     Spirit   .   (armour unavailable)
rPois    .         Reflect  .   (helmet unavailable)
rElec    .         Harm     .   (cloak unavailable)
rCorr    +         Rampage  .   (gloves unavailable)
Will     +....                  (boots unavailable)
Stlth    +++++.....             j - amulet of regeneration
HPRegen  1.14/turn              c - ring of resist corrosion
MPRegen  0.12/turn              q - +6 ring of intelligence

@: quick
A: very small, no armour, no weapons or thrown items, stealth, claws 1, fangs 3,
see invisible, speed 1, shaggy fur 2, sharp paws
a: Renounce Religion, Berserk, Trog's Hand, Brothers in Arms


You were on level 1 of the Lair of Beasts.
You worshipped Trog.
Trog was greatly pleased with you.
You visited 2 branches of the dungeon, and saw 9 of its levels.
You also visited: Sewer.

You collected 570 gold pieces.

Inventory:

Jewellery
 c - a ring of resist corrosion (left paw)
 j - an amulet of regeneration (around neck)
 n - an amulet of magic regeneration {unknown}
 q - a +6 ring of intelligence (right paw)
 y - a ring of magical power {unknown}
Wands
 o - a wand of iceblast (7)
 u - a wand of random effects (23)
Scrolls
 b - 2 scrolls of blinking {!r}
 g - 2 scrolls of fog {!r, unknown}
 i - 2 scrolls of identify {!r}
 l - a scroll of random uselessness {!r, unknown}
 m - 3 scrolls of teleportation {!r}
 p - a scroll of immolation {!r}
 s - a scroll of fear {!r, unknown}
 t - a scroll of vulnerability {!r, unknown}
 w - a scroll of amnesia {!r, unknown}
Potions
 a - 3 potions of magic {!q, unknown}
 d - 4 potions of heal wounds {!q}
 e - a potion of attraction {!q, unknown}
 f - 4 potions of flight {!q}
 h - 10 potions of curing {!q}
 k - a potion of might {!q, unknown}
 r - 2 potions of haste {!q, unknown}
 v - a potion of mutation {!q, unknown}
 x - a potion of degeneration {!q, unknown}


   Skills:
 - Level 7.0 Fighting
 - Level 9.0 Dodging
 - Level 10.0 Stealth
 + Level 10.0 Unarmed Combat
 - Level 8.0 Evocations


You had 8 spell levels left.
You didn't know any spells.
Your spell library was empty.

Dungeon Overview and Level Annotations

Branches:
Dungeon (8/15)             Temple (0/1) D:6            Lair (1/6) D:8
  Sewer (visited)

Altars:
Ashenzari
Dithmenos
Hepliaklqana
Kikubaaqudgha
Sif Muna
Xom
The Shining One

Shops:
D:6 [

Annotations:
D:3 1 runed translucent door


Innate Abilities, Weirdness & Mutations

You cannot wear armour.
You are incapable of wielding weapons or throwing items.
Your paws allow you to move quietly. (Stealth)
You have sharp claws.
You have razor-sharp teeth.
You have supernaturally acute eyesight. (SInv)
You cover ground quickly.
You are covered in thick fur. (AC +2)
Your sharp claws are effective at attacking unaware monsters.


Message History

Trog accepts your kill.
Training target 10.0 for Stealth reached!
Your Stealth skill increases to level 10!
You need to enable at least one skill for training.
You start resting.
You feel a strong urge to attack something.
Unknown command.
You start resting.
You feel your anger nearly subside.
You are no longer berserk.
You are exhausted.
You feel yourself slow down.
HP restored.
You see here a yak corpse.
y - an onyx ring You see here a whip.
You start waiting.
Unknown command.
You now have 570 gold pieces (gained 11).
You feel yourself speed up.
A seven-headed hydra comes into view.
You recover from your berserk rage.
A seven-headed hydra is nearby!
A seven-headed hydra is nearby!
A seven-headed hydra is nearby!
Found a long sword.
A cane toad comes into view.
The seven-headed hydra roars!
The cane toad croaks.
The seven-headed hydra completely misses you.
The seven-headed hydra bites you. The seven-headed hydra bites you!
The seven-headed hydra bites you!!
* * * LOW HITPOINT WARNING * * *
The seven-headed hydra bites you!
* * * LOW HITPOINT WARNING * * *
The seven-headed hydra bites you!
You die...
The seven-headed hydra completely misses you.
You are now level 9!
You rejoin the land of the living...
Unknown command.
Are you sure you want to abandon this character and quit the game? (Confirm with "yes".)

###..## #>... ≈≈..≈≈≈
......#P.#####..## #....
≈..≈≈....♣..........###...###....
...≈≈≈≈.≈.....F........##..###...
..≈.≈≈≈≈..............# ##...##..
..≈.≈≈..♣............# ##...###
.≈≈..≈..............# ##...##
≈.≈.≈...D..........# ###.#....
....♣...†.......@.# ####...##...
................### #P..........
#####..........# #####..........#
#.........)### #.##............
####.#####.### ##†.............
.....## ### ##.............##
###P..### #..............#
###.#.# #.)....†.......# ##.##
###..............#


You could see a cane toad.

Vanquished Creatures
  A hydra (Lair:1)
  A two-headed ogre (D:8)
  A komodo dragon (D:8)
  A polar bear (D:8)
  A troll (D:8)
  Sigmund (D:2)
  4 yaks (Lair:1)
  Duvessa (D:6)
  2 water moccasins
  3 orc warriors
  2 sky beasts
  An ice beast (D:6)
  6 ogres
  4 wolves (D:8)
  The ghost of Snicker the Sneak, an amateur DsDe (D:6)
  2 centaurs
  A kobold brigand (Sewer)
  Blork the orc (D:6)
  5 bullfrogs
  Dowan (D:6)
  A scorpion (D:8)
  A howler monkey (D:7)
  4 wights (D:7)
  An electric eel (D:8)
  A centaur zombie (D:8)
  A bullfrog zombie (D:6)
  A gnoll shaman (D:5)
  7 hounds
  2 jellies
  2 bullfrog skeletons (D:5)
  4 orc priests
  A centaur skeleton (D:6)
  Ijyb (D:3)
  An iguana (D:8)
  8 orc wizards
  4 worker ants
  3 gnolls (D:5)
  A river rat (Sewer)
  11 adders
  3 shadow imps
  2 white imps (D:7)
  2 ufetubi
  An ooze (D:2)
  An adder skeleton (D:8)
  A worm (D:3)
  3 dart slugs
  5 leopard geckos
  28 orcs
  A bat zombie (D:4)
  4 giant cockroaches
  8 goblins
  8 hobgoblins
  12 jackals
  3 quokkas
  2 ball pythons
  5 bats
  6 frilled lizards
  A jackal skeleton (D:4)
  11 kobolds
  A quokka skeleton (D:6)
  15 rats
218 creatures vanquished.

Notes
Turn   | Place    | Note
-------+----------+-------------------------------------------
     0 | D:1      | sahdkjhfkaj the Felid Berserker began the quest for the
                  | Orb.
     0 | D:1      | Reached XP level 1. HP: 10/10 MP: 2/2
    19 | D:1      | Reached skill level 1 in Stealth
   532 | D:1      | Reached XP level 2. HP: 14/14 MP: 3/3
  1004 | D:1      | Reached ** piety under Trog
  1017 | D:1      | Reached XP level 3. HP: 9/17 MP: 4/4
  1521 | D:2      | Noticed Sigmund
  1529 | D:2      | Killed Sigmund
  1530 | D:2      | Reached skill level 5 in Dodging
  1530 | D:2      | Reached XP level 4. HP: 5/21 MP: 5/5
  1530 | D:2      | Reached XP level 5. HP: 6/24 MP: 6/6
  1843 | D:2      | Found a broken altar of Ashenzari.
  1906 | D:2      | Found a shimmering altar of Xom.
  2973 | D:3      | Reached skill level 5 in Unarmed Combat
  2994 | D:3      | You fall into a shaft and drop 1 floor!
  3133 | D:3      | Found a glowing golden altar of the Shining One.
  3139 | D:3      | Found a runed translucent door.
  3139 | D:3      | Noticed an angel
  3179 | D:3      | Noticed Ijyb
  3192 | D:3      | Killed Ijyb
  3193 | D:3      | Gained mutation: You are covered in thick fur. (AC +2)
                  | [Felid growth]
  3193 | D:3      | Reached XP level 6. HP: 28/28 MP: 7/7
  3254 | D:3      | Reached *** piety under Trog
  4351 | D:4      | Found an ancient bone altar of Kikubaaqudgha.
  4594 | D:4      | Found a shadowy altar of Dithmenos.
  4594 | D:4      | Found a shimmering blue altar of Sif Muna.
  4687 | D:5      | Entered Level 5 of the Dungeon
  4871 | D:5      | Reached XP level 7. HP: 32/32 MP: 8/8
  5278 | D:5      | Reached skill level 5 in Stealth
  5874 | D:6      | Found a glowing drain.
  5895 | Sewer    | Entered a sewer
  6081 | Sewer    | Found a white marble altar of Elyvilon.
  6195 | D:6      | Reached XP level 8. HP: 32/36 MP: 9/9
  6337 | D:6      | Found a staircase to the Ecumenical Temple.
  6381 | D:6      | Found a runed translucent door.
  6394 | D:6      | Noticed Snicker's ghost (amateur DsDe)
  6427 | D:6      | Killed Snicker's ghost
  6428 | D:6      | Reached skill level 5 in Evocations
  6547 | D:6      | Noticed Duvessa
  6547 | D:6      | Noticed Dowan
  6584 | D:6      | Reached skill level 5 in Fighting
  6797 | D:6      | Found Xurheff's Armour Emporium.
  6943 | D:6      | Noticed Blork the orc
  6946 | D:6      | Killed Blork the orc
  6947 | D:6      | Reached XP level 9. HP: 40/40 MP: 10/10
  6974 | D:6      | Killed Dowan
  6982 | D:6      | Killed Duvessa
  7279 | D:7      | Reached **** piety under Trog
  7596 | D:7      | Reached skill level 10 in Unarmed Combat
  7790 | D:7      | Found a hazy altar of Hepliaklqana.
  8191 | D:8      | Noticed a troll
  8204 | D:8      | Killed a troll
  8437 | D:8      | Noticed a two-headed ogre
  8473 | D:8      | Killed a two-headed ogre
  8474 | D:8      | Reached XP level 10. HP: 45/45 MP: 11/11
  8579 | D:8      | Found a staircase to the Lair.
  9115 | Lair:1   | Entered Level 1 of the Lair of Beasts
  9426 | Lair:1   | Noticed a four-headed hydra
  9431 | Lair:1   | Killed a four-headed hydra
  9474 | Lair:1   | Reached skill level 10 in Stealth
  9529 | Lair:1   | Noticed a seven-headed hydra
  9534 | Lair:1   | Noticed a cane toad
  9534 | Lair:1   | Slain by a seven-headed hydra
  9535 | Lair:1   | Reached XP level 9. HP: -1/43 MP: 10/10
  9535 | Lair:1   | Quit the game

Illustrated notes

Levels and vault maps discovered:
D:1:      amcnicky_arrival_gap_in_the_tavern_cellar, layout_loops_ring,
          corexii_leaking_fountain, hangedman_decor_push, st_stairs_5
D:2:      layout_basic, xom_teletrap_fun, evilmike_ruin_ashenzari, uniq_sigmund
D:3:      layout_rooms, serial_aquarium, aquarium_bridge_island_large
          [aquarium_subvault_large_water, aquarium_subvault_bridge,
          aquarium_subvault_bridge, aquarium_subvault_bridge,
          aquarium_subvault_bridge], aquarium_bridge_straight
          [aquarium_subvault_bridge, aquarium_subvault_wall,
          aquarium_subvault_bridge, aquarium_subvault_window],
          aquarium_window_1, aquarium_window_1, aquarium_window_1,
          aquarium_window_fake, aquarium_view_2e, aquarium_view_2e,
          aquarium_balcony_double_3, aquarium_pool_corner,
          minmay_splitting_lines, lemuel_angel_altar, uniq_ijyb
D:4:      cheibrodos_quashed, layout_loops_ring,
          lemuel_zombie_altar_kikubaaqudgha, gammafunk_temple_overflow_wave
D:5:      layout_loops_corners, roderic_serpentine_path,
          chequers_serial_rivers_micro_e, st_stairs_14, hex_medium,
          serial_bayou_lake_a
D:6:      layout_basic, minmay_temple_entry_ruins, serial_shops,
          nicolae_shop_crystal, ebering_ghost_sewer_d,
          cheibrodos_sewer_entry_drain, uniq_blork_the_orc, uniq_duvessa
D:7:      layout_loops_ring, lemuel_coloured_pillars_altar, dk_noncrumbling_3
D:8:      layout_loops_ring, erik_lair_island, kennysheep_generic_room_14
Lair:1:   layout_cave_pods, nicolae_quartered_pool_little

Skill      XL: |  1  2  3  4  5  6  7  8  9 10 |
---------------+-------------------------------+-----
Stealth        | 2 3 4 5 7 9 10 | 10.0
Unarmed Combat | 4 5 7 8 10 | 10.0
Dodging        | 5 6 9 |  9.0
Evocations     | 3 4 5 8 |  8.0
Fighting       | 4 5 6 7 |  7.0

Action                   |  1- 3 |  4- 6 |  7- 9 | 10-12 || total
-------------------------+-------+-------+-------+-------++-------
Melee: Unarmed           |    68 |   134 |   385 |    66 ||   653
       Bite              |     7 |    18 |    39 |     8 ||    72
       Punch             |     1 |     2 |    22 |     6 ||    31
Invok: Berserk           |     4 |     5 |    17 |     4 ||    30
       Trog's Hand       |       |     1 |     4 |       ||     5
  Use: Scroll            |       |       |     6 |       ||     6
 Stab: Sleeping          |     6 |    14 |    18 |     5 ||    43
       Distracted        |       |     1 |       |       ||     1
Armor: Skin              |     2 |     9 |    17 |     1 ||    29
Dodge: Dodged            |    44 |    78 |   308 |    59 ||   489

Table legend: (Time is in decaauts)
 A = Elapsed time spent in this place.
 B = Non-inter-level travel time spent in this place.
 C = Inter-level travel time spent in this place.
 D = Time resting spent in this place.
 E = Time spent auto-exploring this place.
 F = Levels seen in this place.
 G = Mean time per level.
                   A        B        C        D        E       F      G
               +--------+--------+--------+--------+--------+-----+--------+
         Total |   8402 |   8104 |    298 |    742 |   5821 |  10 |  840.2 |
       Dungeon |   7863 |   7566 |    297 |    693 |   5527 |   8 |  982.9 |
          Lair |    270 |    270 |      0 |      2 |    190 |   1 |  270.0 |
         Sewer |    268 |    268 |      0 |     46 |    104 |   1 |  268.0 |
               +--------+--------+--------+--------+--------+-----+--------+

Top non-repeatable levels by time:
     D:1: 1400 daAuts
     D:2: 1268 daAuts
     D:8: 1072 daAuts
     D:5: 1026 daAuts
     D:6: 944 daAuts
     D:4: 734 daAuts
     D:3: 730 daAuts
     D:7: 685 daAuts
  Lair:1: 270 daAuts
   Sewer: 268 daAuts
